 Dungeon Crawl Stone Soup version 0.24-a0-201-gf2055891f0 (webtiles) character file.

Game seed: 4866101793405757915

24 MrRokkomies the Vandal (level 3, -2/24 HPs)
             Began as a Halfling Hunter on Mar 23, 2019.
             Slain by a gnoll
             ... wielding a +0 spear
              (4 damage)
             ... on level 2 of the Dungeon.
             The game lasted 00:03:14 (1274 turns).

MrRokkomies the Vandal (Halfling Hunter)            Turns: 1274, Time: 00:03:15

Health: -2/24      AC:  6    Str: 14    XL:     3   Next: 15%
Magic:  3/3        EV: 12    Int:  9    God:
Gold:   45         SH:  0    Dex: 14    Spells: 2/2 levels left

rFire    . . .     SeeInvis .   a - +1 hunting sling
rCold    . . .     Gourm    .   (shield restricted)
rNeg     . . .     Faith    .   k - +0 scale mail
rPois    .         Spirit   .   (no helmet)
rElec    .         Reflect  .   (no cloak)
rCorr    .         Harm     .   (no gloves)
MR       .....                  (no boots)
Stlth    ..........             (no amulet)
HPRegen  0.08/turn              (no ring)
MPRegen  0.08/turn              (no ring)

@: no status effects
A: small, mutation resistance 1
a: no special abilities


You were on level 2 of the Dungeon.
You were hungry.

You visited 1 branch of the dungeon, and saw 2 of its levels.

You collected 45 gold pieces.

Inventory:

Hand Weapons
 a - a +1 hunting sling (weapon)
 b - a +0 short sword
Missiles
 d - 10 sling bullets (quivered)
 e - 62 stones
Armour
 k - a +0 scale mail (worn)
Potions
 l - a potion of flight {unknown}
 m - a potion of berserk rage {unknown}
Comestibles
 f - 2 rations


   Skills:
 - Level 2.0 Fighting
 * Level 6.5 Slings
 * Level 2.8 Dodging
 - Level 1.1 Stealth


You had 2 spell levels left.
You didn't know any spells.
Your spell library was empty.

Dungeon Overview and Level Annotations

Branches:
Dungeon (2/15)

Altars:

Annotations:
D:2 Terence


Innate Abilities, Weirdness & Mutations

You are small and have problems with some larger weapons.
You are somewhat resistant to further mutation.


Message History

The gnoll is severely wounded.
The gnoll hits you with a +0 spear.
* * * LOW HITPOINT WARNING * * *
The gnoll barely misses you.
You feel better. The gnoll hits you but does no damage.
The gnoll hits you from afar with a +0 spear.
* * * LOW HITPOINT WARNING * * *
Found a purple potion.
A goblin comes into view.
The goblin shouts!
As you read the scroll labeled KAUCLA MOEL, it crumbles to dust.
It is a scroll of amnesia.
You feel forgetful for a moment. The gnoll closely misses you.
The gnoll hits you from afar with a +0 spear.
* * * LOW HITPOINT WARNING * * *
As you read the scroll labeled KUTHIO AM TUI, it crumbles to dust.
You feel blessed for a moment.
It was a scroll of remove curse.
The goblin hits you but does no damage.
The gnoll hits you from afar with a +0 spear.
You die...

... @........
+... #.#
#.......# #... #
#.# #.... ..#
#... #.##.###...
..# #... ....
.<.# ..# ####
#.####.###..#.###
#.gggg@..(.......
#g#########.#.###
#@# #
#......g......
###....!.#####
#..#.### #..###
#.. .. ###


You could see 2 gnolls and a goblin.

Vanquished Creatures
  2 leopard geckos
  5 goblins
  2 hobgoblins
  5 bats
  5 kobolds
  3 rats
22 creatures vanquished.

Notes
Turn   | Place    | Note
-------+----------+-------------------------------------------
     0 | D:1      | MrRokkomies the Halfling Hunter began the quest for the
                  | Orb.
     0 | D:1      | Reached XP level 1. HP: 14/14 MP: 1/1
    39 | D:1      | Reached skill level 6 in Slings
   103 | D:1      | Reached XP level 2. HP: 2/19 MP: 2/2
  1192 | D:2      | Reached XP level 3. HP: 24/24 MP: 3/3
  1256 | D:2      | Noticed Terence
  1274 | D:2      | Slain by a gnoll

Levels and vault maps discovered:
D:1:      minmay_arrival_doors, layout_loops_ring, minivault_23,
          hangedman_decor_points
D:2:      layout_basic, amethyst_overflow_temple_binary,
          nicolae_ru_sacrificial_ziggurat, uniq_terence

Skill      XL: |  1 |
---------------+----+-----
Fighting       | 2 |  2.0
Slings         | 6 |  6.5
Dodging        | |  2.8
Stealth        | |  1.1

Action                   || total
-------------------------++-------
Melee: Short sword       ||    20
 Fire: Hunting sling     ||    64
  Use: Scroll            ||     4
       Potion            ||     1
Armor: Leather armour    ||     7
       Scale mail        ||     6
Dodge: Dodged            ||    46

Table legend:
 A = Non-vault XP
 B = Vault XP
 C = Vault XP percentage of total XP
 D = Non-vault monster count
 E = Vault monster count
 F = Vault count percentage of total count
                 A         B        C        D         E       F
            +---------+---------+-------+---------+---------+-------
      Total |      35 |       0 |   0.0 |      22 |       0 |   0.0
            +---------+---------+-------+---------+---------+-------
        D:1 |      24 |       0 |   0.0 |      15 |       0 |   0.0
        D:2 |      11 |       0 |   0.0 |       7 |       0 |   0.0
            +---------+---------+-------+---------+---------+-------
